PAA
OLYMPIA OGRES @ WESTWOOD SIXSHOOTERS
07/26/2042
 
TOP OF THE 1ST
Olympia Ogres batting - Pitching for Westwood Sixshooters : RHP Raúl Reyes
Pitching: RHP Raúl Reyes
Batting: RHB Noud Baggerman 0-0: Ball
1-0: Ground out 1-3 (Groundball, 15, EV 85.6 MPH)
Batting: SHB Nathan Brannon 0-0: SINGLE (Groundball, 3L, EV 100.0 MPH)
Batting: RHB Pepe Savinon 0-0: Called Strike
0-1: Fielders Choice at 2nd, 6-4 (Groundball, 6, EV 81.9 MPH)
Batting: LHB Sariyah Fateen 0-0: Called Strike
0-1: Swinging Strike
0-2: Ball
1-2: Foul Ball, location: 2F
1-2: Ball
2-2: Strikes out swinging
Top of the 1st over - 0 runs, 1 hit, 0 errors, 1 left on base; Olympia 0 - Westwood 0
BOTTOM OF THE 1ST
Westwood Sixshooters batting - Pitching for Olympia Ogres : LHP Don Johnson
Pitching: LHP Don Johnson
Batting: RHB Edmond Hallewell 0-0: Foul Ball, location: 2F
0-1: Ball
1-1: Called Strike
1-2: Ball
2-2: Foul Ball, location: 2F
2-2: Ball
3-2: Base on Balls
Batting: RHB John Siddall 0-0: Ball
1-0: Foul Ball, location: 2F
1-1: Ball
2-1: Ball
3-1: SINGLE (Groundball, 56, EV 96.2 MPH) (infield hit)
Edmond Hallewell to second
Batting: RHB Illarion Podmarkov 0-0: Hit by Pitch
Edmond Hallewell to third
John Siddall to second
Batting: RHB Slavik Akentiev 0-0: Ball
1-0: Swinging Strike
1-1: Ball
2-1: Swinging Strike
2-2: Ball
Wild Pitch!
Edmond Hallewell scores
John Siddall to third
Illarion Podmarkov to second
3-2: Base on Balls
Batting: LHB Rick Kirkham 0-0: Ball
1-0: Called Strike
1-1: Foul Ball, location: 2F
1-2: Strikes out looking
Batting: SHB William Anderson 0-0: Foul Ball, location: 2F
0-1: Ground out 6-3 (Groundball, 6MS, EV 88.1 MPH)
John Siddall scores
Illarion Podmarkov to third
Slavik Akentiev to second
Batting: LHB Derek Kelly 0-0: Ball
1-0: Swinging Strike
1-1: Ball
2-1: Foul Ball, location: 2F
2-2: Ball
3-2: Ground out 5-3 (Groundball, 5, EV 88.8 MPH)
Bottom of the 1st over - 2 runs, 1 hit, 0 errors, 2 left on base; Olympia 0 - Westwood 2
TOP OF THE 2ND
Olympia Ogres batting - Pitching for Westwood Sixshooters : RHP Raúl Reyes
Batting: RHB Paul Stark 0-0: Ball
1-0: Ball
2-0: Called Strike
2-1: Ground out 6-3 (Groundball, 6MS, EV 91.2 MPH)
Batting: RHB Gyoo-jae Kil 0-0: Ball
1-0: Ball
2-0: Ground out U3 (Groundball, 34, EV 86.2 MPH)
Batting: LHB Aniq bin Mu'ayyad 0-0: Ball
1-0: DOUBLE (Line Drive, 7LM, EV 95.6 MPH)
Batting: RHB Claudio Vargas 0-0: Called Strike
0-1: Ball
1-1: Ground out 4-3 (Groundball, 4, EV 85.0 MPH)
Top of the 2nd over - 0 runs, 1 hit, 0 errors, 1 left on base; Olympia 0 - Westwood 2
BOTTOM OF THE 2ND
Westwood Sixshooters batting - Pitching for Olympia Ogres : LHP Don Johnson
Batting: RHB Earl McCarty 0-0: Called Strike
0-1: Foul Ball, location: 2F
0-2: Foul Ball, location: 2F
0-2: Strikes out swinging
Batting: RHB José Flores 0-0: Swinging Strike
0-1: Foul Ball, location: 2F
0-2: Ball
1-2: Strikes out swinging
Batting: RHB Edmond Hallewell 0-0: Called Strike
0-1: Swinging Strike
0-2: Ball
1-2: Ball
2-2: Foul Ball, location: 2F
2-2: Foul Ball, location: 2F
2-2: Foul Ball, location: 2F
2-2: Fly out, F8 (Flyball, 8LD, EV 89.4 MPH)
Bottom of the 2nd over - 0 runs, 0 hits, 0 errors, 0 left on base; Olympia 0 - Westwood 2
TOP OF THE 3RD
Olympia Ogres batting - Pitching for Westwood Sixshooters : RHP Raúl Reyes
Batting: RHB Donald Boyd 0-0: Ball
1-0: Ball
2-0: Called Strike
2-1: Swinging Strike
2-2: Strikes out swinging
Batting: RHB Noud Baggerman 0-0: Foul Ball, location: 2F
0-1: Called Strike
0-2: Ball
1-2: Ground out 5-3 (Groundball, 56, EV 93.1 MPH)
Batting: SHB Nathan Brannon 0-0: Called Strike
0-1: Foul Ball, location: 2F
0-2: Strikes out swinging
Top of the 3rd over - 0 runs, 0 hits, 0 errors, 0 left on base; Olympia 0 - Westwood 2
BOTTOM OF THE 3RD
Westwood Sixshooters batting - Pitching for Olympia Ogres : LHP Don Johnson
Batting: RHB John Siddall 0-0: Ball
1-0: Ball
2-0: SINGLE (Groundball, 6MD, EV 101.2 MPH)
Batting: RHB Illarion Podmarkov 0-0: Called Strike
0-1: Ball
1-1: Ball
2-1: Called Strike
2-2: Foul Ball, location: 2F
2-2: Foul Ball, location: 2F
2-2: SINGLE (Line Drive, 7S, EV 101.2 MPH)
John Siddall to second
Batting: RHB Slavik Akentiev 0-0: Foul Ball, location: 2F
0-1: Foul Ball, location: 2F
0-2: Strikes out swinging
Batting: LHB Rick Kirkham 0-0: Ball
1-0: Ball
2-0: Ball
3-0: Base on Balls
John Siddall to third
Illarion Podmarkov to second
Batting: SHB William Anderson 0-0: Ball
1-0: Foul Ball, location: 2F
1-1: Ball
2-1: Fielders Choice at 2nd, 6-4 (Groundball, 6, EV 93.1 MPH)
John Siddall scores
Illarion Podmarkov to third
Batting: LHB Derek Kelly 0-0: Ball
1-0: Ball
2-0: Ball
3-0: Base on Balls
William Anderson to second
Batting: RHB Earl McCarty 0-0: Foul Ball, location: 2F
0-1: Ball
1-1: Swinging Strike
1-2: Ball
2-2: Foul Ball, location: 2F
2-2: GRAND SLAM HOME RUN (Flyball, 7D, EV 93.8 MPH), Distance : 367 ft
Pitching: LHP Esteban Vásquez
Batting: RHB José Flores 0-0: Called Strike
0-1: Foul Ball, location: 2F
0-2: Ball
1-2: Ball
2-2: SINGLE (Groundball, 56D, EV 111.2 MPH)
Batting: RHB Edmond Hallewell 0-0: Ball
1-0: Foul Ball, location: 2F
1-1: Ball
2-1: Ball
3-1: Base on Balls
José Flores to second
Batting: RHB John Siddall 0-0: Ball
1-0: Ground out 4-3 (Groundball, 4, EV 84.4 MPH)
Bottom of the 3rd over - 5 runs, 4 hits, 0 errors, 2 left on base; Olympia 0 - Westwood 7
TOP OF THE 4TH
Olympia Ogres batting - Pitching for Westwood Sixshooters : RHP Raúl Reyes
Batting: RHB Pepe Savinon 0-0: Ground out 5-3 (Groundball, 56S, EV 90.6 MPH)
Batting: LHB Sariyah Fateen 0-0: Ball
1-0: Swinging Strike
1-1: Ball
2-1: DOUBLE (Flyball, 8LXD, EV 95.0 MPH)
Batting: RHB Paul Stark 0-0: Called Strike
0-1: Ground out 5-3 (Groundball, 5, EV 81.2 MPH)
Batting: RHB Gyoo-jae Kil 0-0: Ground out 6-3 (Groundball, 6S, EV 83.1 MPH)
Top of the 4th over - 0 runs, 1 hit, 0 errors, 1 left on base; Olympia 0 - Westwood 7
BOTTOM OF THE 4TH
Westwood Sixshooters batting - Pitching for Olympia Ogres : LHP Esteban Vásquez
Batting: RHB Illarion Podmarkov 0-0: Called Strike
0-1: Foul Ball, location: 2F
0-2: Ball
1-2: Foul Ball, location: 2F
1-2: Foul Ball, location: 2F
1-2: Ground out 5-3 (Groundball, 5S, EV 85.0 MPH)
Batting: RHB Slavik Akentiev 0-0: Called Strike
0-1: Ball
1-1: Called Strike
1-2: Ball
2-2: Foul Ball, location: 2F
2-2: Strikes out looking
Batting: LHB Rick Kirkham 0-0: Called Strike
0-1: Ball
1-1: Called Strike
1-2: Ball
2-2: Fly out, F8 (Flyball, 8RM, EV 91.2 MPH)
Bottom of the 4th over - 0 runs, 0 hits, 0 errors, 0 left on base; Olympia 0 - Westwood 7
TOP OF THE 5TH
Olympia Ogres batting - Pitching for Westwood Sixshooters : RHP Raúl Reyes
Batting: LHB Aniq bin Mu'ayyad 0-0: Called Strike
0-1: Foul Ball, location: 2F
0-2: Strikes out swinging
Batting: RHB Claudio Vargas 0-0: Ball
1-0: Called Strike
1-1: Foul Ball, location: 2F
1-2: Ball
2-2: Ground out U3 (Groundball, 3D, EV 90.0 MPH)
Batting: RHB Donald Boyd 0-0: Swinging Strike
0-1: Ball
1-1: Called Strike
1-2: Strikes out swinging
Top of the 5th over - 0 runs, 0 hits, 0 errors, 0 left on base; Olympia 0 - Westwood 7
BOTTOM OF THE 5TH
Westwood Sixshooters batting - Pitching for Olympia Ogres : LHP Esteban Vásquez
Batting: SHB William Anderson 0-0: Fly out, F7 (Flyball, 7LS, EV 81.2 MPH)
Batting: LHB Derek Kelly 0-0: Swinging Strike
0-1: Ground out U3 (Groundball, 3, EV 76.9 MPH)
Batting: RHB Earl McCarty 0-0: Ball
1-0: Called Strike
1-1: Fly out, F9 (Line Drive, 9, EV 90.0 MPH)
Bottom of the 5th over - 0 runs, 0 hits, 0 errors, 0 left on base; Olympia 0 - Westwood 7
TOP OF THE 6TH
Olympia Ogres batting - Pitching for Westwood Sixshooters : RHP Raúl Reyes
Batting: RHB Noud Baggerman 0-0: Swinging Strike
0-1: Ball
1-1: Swinging Strike
1-2: Ball
2-2: Ball
3-2: Foul Ball, location: 2F
3-2: Foul Ball, location: 2F
3-2: Ground out 1-3 (Groundball, P, EV 85.0 MPH)
Batting: SHB Nathan Brannon 0-0: Ball
1-0: Ball
2-0: Foul Ball, location: 2F
2-1: Ball
3-1: Ground out 3-1 (Groundball, 34, EV 83.1 MPH)
Batting: RHB Pepe Savinon 0-0: Ground out 6-3 (Groundball, 6, EV 106.2 MPH)
Top of the 6th over - 0 runs, 0 hits, 0 errors, 0 left on base; Olympia 0 - Westwood 7
BOTTOM OF THE 6TH
Westwood Sixshooters batting - Pitching for Olympia Ogres : LHP Esteban Vásquez
Batting: RHB José Flores 0-0: Ball
1-0: Called Strike
1-1: Ball
2-1: Swinging Strike
2-2: Fly out, F8 (Flyball, 8LD, EV 101.2 MPH)
Batting: RHB Edmond Hallewell 0-0: Ball
1-0: Foul Ball, location: 2F
1-1: Ground out 3-1 (Groundball, 34, EV 84.4 MPH)
Batting: RHB John Siddall 0-0: Ball
1-0: Ball
2-0: Ground out 4-3 (Groundball, 4MD, EV 103.1 MPH)
Bottom of the 6th over - 0 runs, 0 hits, 0 errors, 0 left on base; Olympia 0 - Westwood 7
TOP OF THE 7TH
Olympia Ogres batting - Pitching for Westwood Sixshooters : RHP Raúl Reyes
Pinch Hitting: LHB Boboy Enabore 0-0: Ball
1-0: Ball
2-0: Called Strike
2-1: Ground out 4-3 (Groundball, 4MS, EV 86.9 MPH)
Batting: RHB Paul Stark 0-0: Called Strike
0-1: Foul Ball, location: 2F
0-2: Ball
1-2: Ball
2-2: Foul Ball, location: 2F
2-2: Ball
3-2: Foul Ball, location: 2F
3-2: Foul Ball, location: 2F
3-2: Foul Ball, location: 2F
3-2: Foul Ball, location: 2F
3-2: Foul Ball, location: 2F
3-2: Fly out, F9 (Flyball, 9D, EV 95.6 MPH)
Pinch Hitting: LHB Jorge Mejía 0-0: SINGLE (Line Drive, 5D, EV 95.6 MPH)
Batting: LHB Aniq bin Mu'ayyad 0-0: Ball
Jorge Mejía steals 2nd base (no throw)
1-0: Swinging Strike
1-1: Ball
2-1: Swinging Strike
2-2: Strikes out swinging
Top of the 7th over - 0 runs, 1 hit, 0 errors, 1 left on base; Olympia 0 - Westwood 7
BOTTOM OF THE 7TH
Westwood Sixshooters batting - Pitching for Olympia Ogres : LHP Esteban Vásquez
Now at 1B: Jorge Mejía
Now in RF: Boboy Enabore
Pinch Hitting: RHB Sterling Massingham 0-0: Swinging Strike
0-1: Ground out 4-3 (Groundball, 4, EV 104.4 MPH)
Pinch Hitting: RHB Eric Landry 0-0: Foul Ball, location: 2F
0-1: Ball
1-1: Swinging Strike
1-2: Fly out, F4 (Popup, 4D, EV 62.5 MPH)
Batting: LHB Rick Kirkham 0-0: Ball
1-0: Ball
2-0: SINGLE (Groundball, 56D, EV 106.9 MPH)
Batting: SHB William Anderson 0-0: Ball
1-0: Called Strike
1-1: Foul Ball, location: 2F
1-2: Ball
2-2: Foul Ball, location: 2F
2-2: Ball
3-2: Base on Balls
Rick Kirkham to second
Batting: LHB Derek Kelly 0-0: Ball
1-0: Ball
2-0: Foul Ball, location: 2F
2-1: Foul Ball, location: 2F
2-2: Ball
3-2: Base on Balls
Rick Kirkham to third
William Anderson to second
Batting: RHB Earl McCarty 0-0: Fly out, F7 (Flyball, 78S, EV 84.4 MPH)
Bottom of the 7th over - 0 runs, 1 hit, 0 errors, 3 left on base; Olympia 0 - Westwood 7
TOP OF THE 8TH
Olympia Ogres batting - Pitching for Westwood Sixshooters : RHP Raúl Reyes
Now at 3B: Eric Landry
Now at SS: Sterling Massingham
Pinch Hitting: RHB Dan Turner 0-0: Ball
1-0: Foul Ball, location: 2F
1-1: Ball
2-1: Fly out, F7 (Line Drive, 7, EV 91.9 MPH)
Batting: RHB Donald Boyd 0-0: Called Strike
0-1: Fly out, F7 (Flyball, 78D, EV 99.4 MPH)
Pinch Hitting: LHB David Walker 0-0: Ball
1-0: Ground out 1-3 (Groundball, P, EV 78.1 MPH)
Top of the 8th over - 0 runs, 0 hits, 0 errors, 0 left on base; Olympia 0 - Westwood 7
BOTTOM OF THE 8TH
Westwood Sixshooters batting - Pitching for Olympia Ogres : LHP Esteban Vásquez
Pitching: RHP Tex Owens
Now at 1B: David Walker
Now at SS: Alfonso Pereyra
Batting: RHB José Flores 0-0: Called Strike
0-1: Ground out 4-3 (Groundball, 34, EV 107.5 MPH)
Batting: RHB Edmond Hallewell 0-0: Ball
1-0: Foul Ball, location: 2F
1-1: Foul Ball, location: 2F
1-2: Strikes out swinging
Batting: RHB John Siddall 0-0: Called Strike
0-1: Called Strike
0-2: Ground out 6-3 (Groundball, 56, EV 101.9 MPH)
Bottom of the 8th over - 0 runs, 0 hits, 0 errors, 0 left on base; Olympia 0 - Westwood 7
TOP OF THE 9TH
Olympia Ogres batting - Pitching for Westwood Sixshooters : RHP Raúl Reyes
Batting: SHB Nathan Brannon 0-0: Ball
1-0: Called Strike
1-1: Ball
2-1: Foul Ball, location: 2F
2-2: Foul Ball, location: 2F
2-2: Strikes out swinging
Pitching: RHP Manny Rodríguez
Pinch Hitting: LHB Ramón Vegerano 0-0: Ground out 5-3 (Groundball, 5, EV 85.0 MPH)
Batting: LHB Boboy Enabore 0-0: Ground out 4-3 (Groundball, 4, EV 101.9 MPH)
Top of the 9th over - 0 runs, 0 hits, 0 errors, 0 left on base; Olympia 0 - Westwood 7
Friday, March 26th, 2021 - OOTP Baseball 20.8 Build 74